 Dungeon Crawl Stone Soup version 0.30-a0-354-g6b83867211 (webtiles) character file.

Game seed: 9510555134764651758

3539 MarcoDev the Caller (level 9, 0/40 HPs)
             Began as a Deep Elf Summoner on Nov 7, 2022.
             Was a Follower of Hepliaklqana.
             Shot with an arrow by a centaur warrior (6 damage)
             ... on level 8 of the Dungeon.
             The game lasted 00:42:56 (8555 turns).

MarcoDev the Caller (Deep Elf Summoner)             Turns: 8555, Time: 00:42:57

Health: 0/40       AC:  3    Str:  2    XL:     9   Next: 82%
Magic:  2/22       EV: 21    Int: 29    God:    Hepliaklqana [*.....]
Gold:   308        SH:  4    Dex: 23    Spells: 7/23 levels left

rFire   . . .      SeeInvis .    f - +1 dagger (venom)
rCold   . . .      Faith    .    p - +0 buckler
rNeg    . . .      Spirit   .    a - +0 robe
rPois   .          Reflect  .    (no helmet)
rElec   .          Harm     .    J - +0 cloak
rCorr   .          Rampage  .    (no gloves)
Will    .....                    (no boots)
Stlth   ++++......               K - amulet of regeneration
HPRegen 1.06/turn                i - +6 ring of dexterity
MPRegen 0.18/turn                O - ring "Weav Rorr" {EV+4 Str-3 Int+4 Dex+2}

@: studying Shields
A: reduced essence
a: Renounce Religion, Recall Ancestor, Ancestor Identity


You were on level 8 of the Dungeon.
You worshipped Hepliaklqana.
Hepliaklqana was aware of your devotion.
You visited 2 branches of the dungeon, and saw 9 of its levels.

You collected 398 gold pieces.
You spent 90 gold pieces at shops.

Inventory:

Hand Weapons
 f - a +1 dagger of venom (weapon)
 t - a +2 dagger of draining
Missiles
 M - 2 throwing nets
Armour
 a - a +0 robe (worn)
 p - a +0 buckler (worn)
 C - a +3 scale mail of poison resistance
 J - a +0 cloak (worn)
Magical Staves
 j - a staff of poison
Jewellery
 i - a +6 ring of dexterity (left hand)
 I - a ring of resist corrosion
 K - an amulet of regeneration (around neck)
 O - the ring "Weav Rorr" (right hand) {EV+4 Str-3 Int+4 Dex+2}
   (You found it on level 8 of the Dungeon)

   [ring of evasion]

   EV:        It affects your evasion (+4).
   Str:       It affects your strength (-3).
   Int:       It affects your intelligence (+4).
   Dex:       It affects your dexterity (+2).
Wands
 d - a wand of flame (21)
 r - a wand of charming (7)
 y - a wand of mindburst (26)
 N - a wand of polymorph (6)
Scrolls
 e - a scroll of butterflies {unknown}
 g - 2 scrolls of enchant armour
 n - 3 scrolls of enchant weapon {unknown}
 u - a scroll of silence {unknown}
 v - a scroll of acquirement {unknown}
 w - a scroll of brand weapon {unknown}
 x - 2 scrolls of summoning {unknown}
 B - 9 scrolls of teleportation {unknown}
 F - 2 scrolls of poison {unknown}
 G - a scroll of magic mapping {unknown}
 H - a scroll of blinking {unknown}
 L - a scroll of amnesia {unknown}
Potions
 b - 3 potions of magic
 c - 6 potions of curing
 h - 2 potions of attraction {unknown}
 k - 4 potions of brilliance
 l - a potion of haste {unknown}
 m - a potion of lignification {unknown}
 o - a potion of invisibility
 q - a potion of cancellation {unknown}
 s - a potion of flight {unknown}
 z - a potion of degeneration {unknown}
 D - 2 potions of mutation {unknown}
 E - a potion of ambrosia {unknown}


   Skills:
 * Level 7.3 Short Blades
 + Level 6.9 Dodging
 + Level 7.6 Stealth
 + Level 7.6 Spellcasting
 + Level 7.8 Summonings
 + Level 4.5 Fire Magic


You had 7 spell levels left.
You knew the following spells:

 Your Spells              Type           Power      Damage    Failure   Level
a - Summon Small Mammal   Summ           100%       N/A       1%          1
b - Call Imp              Summ           54%        N/A       1%          2
c - Call Canine Familiar  Summ           54%        N/A       1%          3
d - Summon Guardian Gole  Hex/Summ       33%        N/A       4%          3
e - Summon Lightning Spi  Summ/Air       33%        N/A       13%         4
f - Inner Flame           Hex/Fire       24%        N/A       8%          3

Your spell library contained the following spells:

 Spells                   Type           Power      Damage    Failure   Level
 Scorch                   Fire           74%        2d9       1%          2
 Kiss of Death            Conj/Necr      44%        2d8       6%          1
 Ignite Poison            Fire/Tmut/Pois 19%        N/A       11%         3
 Kindle Blastsparks       Fire/Tloc/Air  38%        2d13      11%         3
 Confusing Touch          Hex            11%        N/A       19%         3
 Dispel Undead            Necr           11%        3d9       54%         4
 Fire Storm               Conj/Fire      12%        8d3       100%        9


Dungeon Overview and Level Annotations

Branches:
Dungeon (8/15)             Temple (1/1) D:7
   Lair: D:8-11

Altars:
Ashenzari
Cheibriados
Dithmenos
Elyvilon
Fedhas
Gozag
Hepliaklqana
Kikubaaqudgha
Makhleb
Nemelex Xobeh
Qazlal
Ru
Sif Muna
Trog
Uskayaw
Vehumet
Wu Jian
Xom
Yredelemnul
Zin
The Shining One

Shops:
D:3 *   D:6 *   D:8 *


Message History

A guardian golem appears, shielding your allies.
The centaur warrior shoots an arrow.
The arrow completely misses you.
The arrow completely misses your guardian golem.
The centaur warrior shoots an arrow.
You block the arrow.
The centaur warrior shoots an arrow.
The arrow completely misses you.
The arrow hits your guardian golem but does no damage.
Your lightning spire shoots out a bolt of lightning at the centaur warrior!
The bolt of electricity hits the five-headed hydra!
The bolt of electricity hits the centaur warrior.
You start resting.
A centaur warrior is nearby!
The centaur warrior shoots an arrow.
The arrow hits your guardian golem! The arrow freezes your guardian golem.
The centaur warrior shoots an arrow.
The arrow hits your guardian golem! The arrow freezes your guardian golem.
You hear a roar!
Casting: Summon Guardian Golem (dangerous; 4% risk of failure)
Confirm with . or Enter, or press ? or * to list all spells.
The centaur warrior shoots an arrow.
The arrow hits your guardian golem!! What are your orders? t - Shout!
Orders for allies: a - Attack new target. r - Retreat! s - Stop attacking. g - Guard the area. f - Follow me.
Anything else - Cancel.
Gang up on whom?
Press: ? - help, Dir - move target, f - centaur warrior
Aim: a centaur warrior, wielding a +1 longbow of freezing (moderately wounded) Attack!
The centaur warrior shoots an arrow.
The arrow hits your guardian golem!
Your guardian golem is destroyed!
Your guardian golem disappears in a puff of smoke!
Your wolf bites the centaur warrior.
The centaur warrior shoots an arrow.
The arrow hits you!! The arrow freezes you!
* * * LOW HITPOINT WARNING * * *
You feel better.
Your wolf bites the centaur warrior but does no damage.
The centaur warrior shoots an arrow.
The arrow hits you!
* * * LOW HITPOINT WARNING * * *
The arrow freezes you.
You die...

.(.......# ##..... .........#
##...... .........# #.....<.
.........# #...>.). ..)......#
#....... .........# #.......
..)).<...# ######### #......<
...<.....####....§..# #.......
..).....###.....@.§.# ###...(...
.................#.h# #.........
........###.#...###c# #.#.......
.####.......##.###..# #.#.......
.#######.#..#####...## #.#.......
............# #....c###.#.#.....
#########...# ##........).....##
#########...######..........##.##
#.........#.........####.........


You could see a centaur warrior (ally target) and a friendly wolf (summoned).

Vanquished Creatures
  A scorpion (D:4)
  A howler monkey (D:5)
  2 orc priests (D:6)
  A gnoll bouda (D:8)
  3 iguanas
  An orc wizard (D:2)
  2 gnolls
  3 adders (D:5)
  3 dart slugs
  A worm (D:3)
  10 orcs
  7 endoplasms
  3 giant cockroaches
  3 goblins
  8 hobgoblins
  7 kobolds
  3 quokkas
  8 ball pythons
  4 bats
  A frilled lizard (D:2)
  4 rats
76 creatures vanquished.

Vanquished Creatures (collateral kills)
  Prince Ribbit (D:5)
  2 water moccasins
  A sky beast (D:7)
  An orc warrior (D:7)
  3 ice beasts
  A phantom (D:5)
  A necrophage (D:7)
  A wight (D:7)
  A howler monkey (D:5)
  A hound (D:6)
  An orc priest (D:4)
  An iguana (D:6)
  Jessica (D:2)
  Natasha (D:4)
  5 orc wizards
  14 gnolls
  An adder (D:2)
  A shadow imp (D:5)
  A white imp (D:7)
  2 ufetubi
  2 worms (D:3)
  2 dart slugs
  17 orcs
  An endoplasm (D:3)
  A giant cockroach (D:3)
  A goblin (D:4)
  A hobgoblin (D:1)
  A quokka (D:1)
  3 ball pythons
  A frilled lizard (D:1)
  8 kobolds
  A rat (D:3)
80 creatures vanquished.

Vanquished Creatures (others)
  The ghost of Hybrs the Spear-Bearer, a novice OgGl of Sif Muna (D:3)
  A meliai (D:8)
  Edmund (D:5)
  An ice beast (D:6)
  An orc warrior (D:8)
  2 ogres
  A kobold brigand (D:3)
  Blork the orc (D:5)
  2 gnoll sergeants (D:8)
  2 wights (D:7)
  An orc wizard (D:7)
  2 ancestors (D:8)
  8 gnolls
  4 orcs
  2 kobolds (D:3)
  A fungus (D:3)
  A plant (D:3)
32 creatures vanquished.

Grand Total: 188 creatures vanquished

Notes
Turn   | Place    | Note
-------+----------+-------------------------------------------
     0 | D:1      | MarcoDev the Deep Elf Summoner began the quest for the Orb.
     0 | D:1      | Reached XP level 1. HP: 10/10 MP: 6/6
   256 | D:1      | Reached XP level 2. HP: 15/15 MP: 8/8
   681 | D:1      | Reached XP level 3. HP: 19/19 MP: 9/9
   684 | D:1      | Learned a level 2 spell: Call Imp
   688 | D:1      | Learned a level 3 spell: Call Canine Familiar
  1241 | D:2      | Reached skill level 5 in Summonings
  1372 | D:2      | Noticed Jessica
  1380 | D:2      | Killed Jessica
  1381 | D:2      | Reached XP level 4. HP: 18/24 MP: 7/11
  1509 | D:2      | Reached skill level 1 in Short Blades
  2198 | D:3      | Found Omomidulik's General Store.
  2234 | D:3      | Bought a potion of heal wounds for 50 gold pieces
  2234 | D:3      | Bought a potion of brilliance for 40 gold pieces
  2256 | D:3      | Reached XP level 5. HP: 16/28 MP: 12/12
  2569 | D:3      | Found a runed translucent gate.
  2569 | D:3      | Found a runed translucent gate.
  2569 | D:3      | Found a runed translucent gate.
  2575 | D:3      | Noticed Hybrs's ghost (novice OgGl)
  2577 | D:3      | Learned a level 3 spell: Summon Guardian Golem
  3183 | D:3      | Killed Hybrs's ghost
  3184 | D:3      | Reached skill level 5 in Spellcasting
  3184 | D:3      | Reached XP level 6. HP: 32/32 MP: 3/15
  3184 | D:3      | Reached XP level 7. HP: 36/36 MP: 3/16
  3340 | D:3      | Learned a level 4 spell: Summon Lightning Spire
  3470 | D:4      | Noticed Natasha
  3503 | D:4      | Killed Natasha
  3541 | D:4      | Got Asmodeus's Teachings on Fire
  3559 | D:4      | Learned a level 3 spell: Inner Flame
  3707 | D:4      | Reached skill level 5 in Stealth
  4039 | D:5      | Entered Level 5 of the Dungeon
  4070 | D:5      | Noticed Blork the orc
  4091 | D:5      | Killed Blork the orc
  4092 | D:5      | Reached skill level 5 in Dodging
  4092 | D:5      | Reached skill level 1 in Fire Magic
  4298 | D:5      | Noticed Edmund
  4327 | D:5      | Killed Edmund
  4328 | D:5      | Reached XP level 8. HP: 31/41 MP: 9/18
  4455 | D:5      | Reached skill level 5 in Short Blades
  4565 | D:5      | Noticed Prince Ribbit
  4583 | D:5      | Killed Prince Ribbit
  5574 | D:6      | Reached XP level 9. HP: 45/45 MP: 14/20
  5743 | D:6      | Found Anuahuwn's Neck Hole.
  5777 | D:6      | Found a sparkling altar of Nemelex Xobeh.
  6754 | D:7      | Found a staircase to the Ecumenical Temple.
  6768 | Temple   | Entered the Ecumenical Temple
  6823 | Temple   | Became a worshipper of Hepliaklqana the Forgotten
  7340 | D:7      | Identified the +6 spear "Qohapuef" {vorpal, +Blink rCorr
                  | Str+5 Int-5}
  7508 | D:7      | Noticed a troll
  7509 | D:7      | Noticed a troll
  7988 | D:8      | Identified the +5 spear "Afuechea" {flame, rPois}
  8044 | D:8      | Identified the ring "Weav Rorr" {EV+4 Str-3 Int+4 Dex+2}
  8055 | D:8      | Found a white marble altar of Elyvilon.
  8132 | D:8      | Found a bloodstained altar of Trog.
  8132 | D:8      | Found an ancient bone altar of Kikubaaqudgha.
  8134 | D:8      | Found a sacrificial altar of Ru.
  8135 | D:8      | Found a shimmering blue altar of Sif Muna.
  8215 | D:8      | Identified the +6 trident "Ollast" {flame, Fly rC- rN++
                  | Str-4}
  8232 | D:8      | Reached * piety under Hepliaklqana
  8400 | D:8      | Found Pogir's Assorted Antiques.
  8501 | D:8      | Noticed a centaur warrior
  8501 | D:8      | Noticed an ogre mage
  8502 | D:8      | Found a runed translucent door.
  8503 | D:8      | Noticed a five-headed hydra
  8504 | D:8      | Noticed an orc knight
  8504 | D:8      | Noticed a deep elf pyromancer
  8504 | D:8      | Noticed a manticore
  8504 | D:8      | Noticed a meliai
  8534 | D:8      | Killed a meliai
  8555 | D:8      | Shot with an arrow by a centaur warrior

Illustrated notes

Levels and vault maps discovered:
D:1:      minmay_arrival_stair_chambers, layout_loops_ring, chequers_arboretum
D:2:      layout_loops_cross, uniq_jessica
D:3:      layout_loops_ring, gammafunk_ghost_nasty_kobolds, serial_shops,
          nicolae_shop_waterfront
D:4:      layout_rooms, uniq_natasha
D:5:      layout_gridville, lightli_ossuary_entry_decrepit_ruins,
          minmay_manual_mail, uniq_blork_the_orc, uniq_prince_ribbit1,
          uniq_edmund
D:6:      layout_basic, kennysheep_mini_moat, portal_sewer_entry_b,
          nicolae_shop_sticking_my_neck_out
D:7:      layout_loops_ring, temple_pool_b, lightli_corner_chamber
D:8:      minmay_gate_of_8, layout_rooms, minitemple, serial_shops,
          nicolae_shop_window_shopping, nicolae_straight_to_the_point
Temple:   eino_wide_crystal_templ

Skill      XL: |  1  2  3  4  5  6  7  8  9 |
---------------+----------------------------+-----
Stealth        | 3 4 5 6 7 |  7.6
Dodging        | 3 4 5 6 |  6.9
Summonings     | 5 6 7 |  7.8
Short Blades   | 1 3 4 6 7 |  7.3
Spellcasting   | 5 6 7 |  7.6
Fire Magic     | 1 3 4 |  4.5

Action                   |  1- 3 |  4- 6 |  7- 9 || total
-------------------------+-------+-------+-------++-------
Melee: Unarmed           |     5 |       |       ||     5
       Dagger            |    60 |    43 |   118 ||   221
 Cast: Summon Small Mamm |     7 |    26 |     3 ||    36
       Call Canine Famil |     4 |    15 |    40 ||    59
       Call Imp          |     1 |     8 |    15 ||    24
       Summon Guardian G |       |     5 |    43 ||    48
       Summon Lightning  |       |       |     2 ||     2
Invok: Ancestor Identity |       |       |     1 ||     1
  Use: Scroll            |       |     2 |     3 ||     5
       Potion            |       |     1 |     2 ||     3
 Stab: Sleeping          |    11 |     5 |     6 ||    22
Armor: Robe              |    12 |     3 |    13 ||    28
Dodge: Dodged            |    36 |    15 |    81 ||   132
Block: Buckler           |       |     5 |    26 ||    31

Table legend: (Time is in decaauts)
 A = Elapsed time spent in this place.
 B = Non-inter-level travel time spent in this place.
 C = Inter-level travel time spent in this place.
 D = Time resting spent in this place.
 E = Time spent auto-exploring this place.
 F = Levels seen in this place.
 G = Mean time per level.
                   A        B        C        D        E       F      G
               +--------+--------+--------+--------+--------+-----+--------+
         Total |   8531 |   8166 |    365 |    657 |   5325 |   9 |  947.9 |
       Dungeon |   8456 |   8106 |    350 |    657 |   5279 |   8 | 1057.0 |
        Temple |     74 |     59 |     15 |      0 |     46 |   1 |   74.0 |
               +--------+--------+--------+--------+--------+-----+--------+

Top non-repeatable levels by time:
     D:3: 1421 daAuts
     D:5: 1271 daAuts
     D:7: 1090 daAuts
     D:1: 1068 daAuts
     D:6: 1043 daAuts
     D:8: 934 daAuts
     D:2: 892 daAuts
     D:4: 733 daAuts
  Temple: 74 daAuts
